 Dungeon Sprint DCSS version 0.20-a0-1078-g4874019 (webtiles) character file.

11300000 volk64 the Axe Maniac (level 27, -10/249 HPs)
             Began as a Demonspawn Gladiator on Apr 28, 2017.
             Was the Champion of Makhleb.
             Mangled by a destroyer
             ... wielding a +9 great sword of slicing
              (62 damage)
             ... in the Dungeon (Sprint VIII: "Arena of Blood") on Apr 30, 2017.
             The game lasted 00:16:47 (113 turns).

volk64 the Axe Maniac (Demonspawn Gladiator)         Turns: 113, Time: 00:16:48

Health: -10/249    AC: 12    Str: 17    XL:     27
Magic:  39/54      EV: 37    Int: 10    God:    Makhleb [******]
Gold:   0          SH:  0    Dex: 25    Spells: 80/80 levels left

rFire    + . .     SeeInvis .   l - +∞ Axe of Woe
rCold    + . .     Gourm    .   (shield currently unavailable)
rNeg     . . .     Faith    .   b - +0 leather armour
rPois    .         Spirit   .   c - +0 helmet
rElec    .         Reflect  .   (no cloak)
rCorr    .         Harm     .   (gloves unavailable)
MR       ++...     NoTele   +   (no boots)
Stlth    +++++++++.             (no amulet)
Regen    10.6/turn              (no ring)
MPRegen  0.4/turn               (no ring)

@: no status effects
A: claws 3, molten scales 3, cold resistance 1, foul stench 2, passive freeze,
powered by death 3, rot immunity, freezing cloud immunity
a: Minor Destruction, Lesser Servant of Makhleb, Major Destruction, Greater
Servant of Makhleb, Renounce Religion


You were in the Dungeon.
You worshipped Makhleb.
Makhleb was exalted by your worship.
You were not hungry.

You visited 1 branch

Inventory:

Hand Weapons
 a - a +0 war axe
 l - the +∞ Axe of Woe (weapon)
   (You found it in the Dungeon)
Missiles
 d - 3 throwing nets (quivered)
Armour
 b - a +0 leather armour (worn)
 c - a +0 helmet (worn)
Jewellery
 m - a +30 ring of slaying
 n - a +30 ring of slaying
 o - a +30 ring of slaying
Scrolls
 k - a scroll of blinking
Potions
 e - a potion of curing
 g - a potion of heal wounds
 h - a potion of haste
 i - 2 potions of magic
 j - a potion of berserk rage
Comestibles
 f - a bread ration


   Skills:
 O Level 27 Fighting
 O Level 27 Axes
 O Level 27 Throwing
 O Level 27 Armour
 O Level 27 Dodging
 O Level 27 Stealth
 O Level 27 Unarmed Combat
 O Level 27 Spellcasting
 O Level 27 Invocations
   Level 0.2 Evocations


You had 80 spell levels left.
You didn't know any spells.

Dungeon Overview and Level Annotations

Branches:
Dungeon (1/1)

Altars:
Makhleb

Annotations:
D The Defiler


Innate Abilities, Weirdness & Mutations

You have claws for hands.
You are completely covered in molten scales. (AC +4, rF+)
Your flesh is cold resistant. (rC+)
You frequently emit foul miasma when damaged in melee.
A frigid envelope surrounds you and freezes all who hurt you.
You regenerate a lot of health from kills.
You are immune to rotting.
You are immune to freezing clouds.


Message History

The poison arrow hits something.
The destroyer blinks!
The scourge throws poison arrow at you. The poison arrow misses you.
The poison arrow hits the meat berserker.
The meat berserker looks as sick as possible!
You hear a shout!
The destroyer blinks!
A dread comes into view.
An eight-headed meat hydra comes into view.
The scourge appears out of thin air!
A scourge comes into view.
You hear a shout! x2; You feel something staring at you.
Something smites you!
The eight-headed meat hydra appears out of thin air!
An eight-headed meat hydra comes into view.
The accursed completely misses you.
The destroyer hits you with a +9 great sword of slicing!!!!!
Ouch! That really hurt!
* * * LOW HITPOINT WARNING * * *
You die...

..... .........
.#....... #.......# D
...#.... #.....§.#
..#......###.......###.
..........))%)###......
......#...)%).)_)......
....#.@o..))#).%..#....
#....M.))))#_.<._# .
...#W.@)O)V#....%#.
......#V%3))).._.....
.......S)))o).###.%....
.......)o###)).....###.
.....%D.{o.#§)§...%#
.......S.).#§§§..%.#
..#.......)o§§§.....
#.#.#...S.§§o§.....
.#W#.......D.%.....


You could see an accursed, 2 eight-headed meat hydras, 2 destroyers, 3 scourges,
a soul eater, The Defiler, a dread, a meat berserker (berserk) and 4 bags of
meat.

Vanquished Creatures
  2 great orbs of eyes (D)
  3 wraiths (D)
  2 hell beasts (D)
  4 greater mummies (D)
  91 orcs (D)
  2 phantoms (D)
  7 skeletal warriors (D)
  7 large abominations (D)
  17 small abominations (D)
  8 crawling corpses (D)
  16 vampire knights (D)
  41 ogres (D)
  9 two-headed ogres (D)
  7 liches (D)
  A hydra (D)
217 creatures vanquished.

Vanquished Creatures (others)
  12 crawling corpses (D)
12 creatures vanquished.

Grand Total: 229 creatures vanquished

Notes
Turn   | Place    | Note
-------+----------+-------------------------------------------
     0 | D        | volk64 the Demonspawn Gladiator began the quest for the Orb.
     0 | D        | Reached XP level 1. HP: 16/16 MP: 1/1
     3 | D        | Noticed a bag of meat
     4 | D        | Killed a bag of meat
     4 | D        | Reached skill level 10 in Fighting
     4 | D        | Gained mutation: You have sharp fingernails. [demonic ancestry]
     4 | D        | Reached XP level 2. HP: 35/35 MP: 2/2
     4 | D        | Reached XP level 3. HP: 41/41 MP: 3/3
     4 | D        | Gained mutation: You are partially covered in molten scales. (AC +2) [demonic ancestry]
     4 | D        | Reached XP level 4. HP: 47/47 MP: 4/4
     4 | D        | Gained mutation: You are mostly covered in molten scales. (AC +3) [demonic ancestry]
     4 | D        | Reached XP level 5. HP: 53/53 MP: 5/5
     4 | D        | Gained mutation: You regenerate a little health from kills. [demonic ancestry]
     4 | D        | Reached XP level 6. HP: 60/60 MP: 6/6
     4 | D        | Reached XP level 7. HP: 66/66 MP: 7/7
     4 | D        | Gained mutation: You are completely covered in molten scales. (AC +4, rF+) [demonic ancestry]
     4 | D        | Reached XP level 8. HP: 72/72 MP: 8/8
     4 | D        | Gained mutation: You have very sharp fingernails. [demonic ancestry]
     4 | D        | Reached XP level 9. HP: 78/78 MP: 9/9
     4 | D        | Gained mutation: You are immune to rotting. [demonic ancestry]
     4 | D        | Reached XP level 10. HP: 85/85 MP: 10/10
     4 | D        | Reached XP level 11. HP: 91/91 MP: 11/11
     5 | D        | Became a worshipper of Makhleb the Destroyer
     9 | D        | Noticed a bag of meat
    10 | D        | Noticed a bag of meat
    12 | D        | Killed a bag of meat
    12 | D        | Reached skill level 10 in Throwing
    12 | D        | Gained mutation: You may emit foul miasma when damaged in melee. [demonic ancestry]
    12 | D        | Reached XP level 12. HP: 102/102 MP: 12/12
    13 | D        | Noticed a bag of meat
    14 | D        | Noticed a meat berserker
    15 | D        | Killed a bag of meat
    15 | D        | Reached * piety under Makhleb
    15 | D        | Gained mutation: Your flesh is cold resistant. (rC+) [demonic ancestry]
    15 | D        | Reached XP level 13. HP: 111/111 MP: 13/13
    16 | D        | Killed a bag of meat
    16 | D        | Gained mutation: You regenerate health from kills. [demonic ancestry]
    16 | D        | Reached XP level 14. HP: 120/120 MP: 14/14
    18 | D        | Killed a meat berserker
    18 | D        | Reached skill level 15 in Fighting
    18 | D        | Gained mutation: You have claws for hands. [demonic ancestry]
    18 | D        | Reached XP level 15. HP: 123/130 MP: 15/15
    21 | D        | Noticed a meat berserker
    22 | D        | Reached ** piety under Makhleb
    24 | D        | Noticed a meat berserker
    25 | D        | Noticed a meat berserker
    25 | D        | Killed a meat berserker
    25 | D        | Reached XP level 16. HP: 143/143 MP: 16/16
    26 | D        | Noticed a meat berserker
    27 | D        | Noticed a meat berserker
    27 | D        | Noticed a meat berserker
    27 | D        | Killed a meat berserker
    27 | D        | Reached skill level 27 in Axes
    27 | D        | Reached skill level 27 in Dodging
    28 | D        | Noticed a large bag of meat
    28 | D        | Noticed a destroyer
    28 | D        | Noticed a meat berserker
    28 | D        | Noticed a meat berserker
    28 | D        | Noticed a large bag of meat
    29 | D        | Noticed a destroyer
    29 | D        | Noticed a destroyer
    29 | D        | Noticed a destroyer
    29 | D        | Killed a meat berserker
    29 | D        | Reached *** piety under Makhleb
    29 | D        | Gained mutation: You regenerate a lot of health from kills. [demonic ancestry]
    29 | D        | Reached XP level 17. HP: 166/166 MP: 17/17
    29 | D        | Killed a destroyer
    29 | D        | Reached skill level 27 in Fighting
    29 | D        | Gained mutation: You frequently emit foul miasma when damaged in melee. [demonic ancestry]
    29 | D        | Reached XP level 18. HP: 182/182 MP: 18/18
    30 | D        | Noticed a large bag of meat
    30 | D        | Noticed a meat berserker
    31 | D        | Noticed a meat berserker
    31 | D        | Noticed a meat berserker
    31 | D        | Killed a meat berserker
    31 | D        | Reached **** piety under Makhleb
    31 | D        | Reached skill level 27 in Throwing
    31 | D        | Killed a meat berserker
    31 | D        | Reached skill level 10 in Armour
    31 | D        | Reached skill level 10 in Unarmed Combat
    31 | D        | Reached skill level 10 in Spellcasting
    31 | D        | Reached XP level 19. HP: 189/189 MP: 18/33
    32 | D        | Noticed a meat berserker
    33 | D        | Noticed a meat berserker
    33 | D        | Noticed a large bag of meat
    33 | D        | Killed a meat berserker
    33 | D        | Killed a destroyer
    33 | D        | Reached XP level 20. HP: 173/197 MP: 18/40
    34 | D        | Noticed a meat berserker
    34 | D        | Reached ***** piety under Makhleb
    34 | D        | Killed a meat berserker
    35 | D        | Reached XP level 21. HP: 204/204 MP: 18/44
    35 | D        | Reached skill level 27 in Invocations
    37 | D        | Noticed a destroyer
    37 | D        | Reached ****** piety under Makhleb
    37 | D        | Reached XP level 22. HP: 212/212 MP: 19/50
    38 | D        | Killed a destroyer
    38 | D        | Reached skill level 27 in Stealth
    38 | D        | Reached skill level 27 in Armour
    38 | D        | Reached skill level 27 in Unarmed Combat
    38 | D        | Reached skill level 27 in Spellcasting
    38 | D        | Killed a large bag of meat
    38 | D        | Gained mutation: You are immune to freezing clouds. [demonic ancestry]
    38 | D        | Reached XP level 23. HP: 219/219 MP: 19/54
    38 | D        | Killed a large bag of meat
    40 | D        | Reached XP level 24. HP: 194/227 MP: 20/54
    40 | D        | Killed a large bag of meat
    40 | D        | Killed a destroyer
    41 | D        | Noticed a destroyer
    41 | D        | Reached XP level 25. HP: 234/234 MP: 20/54
    42 | D        | Noticed a destroyer
    42 | D        | Noticed a destroyer
    43 | D        | Reached XP level 26. HP: 242/242 MP: 20/54
    45 | D        | Noticed a destroyer
    45 | D        | Killed a large bag of meat
    45 | D        | Killed a destroyer
    46 | D        | Gained mutation: A frigid envelope surrounds you and freezes all who hurt you. [demonic ancestry]
    46 | D        | Reached XP level 27. HP: 249/249 MP: 21/54
    51 | D        | Killed a destroyer
    51 | D        | Killed a destroyer
    52 | D        | Noticed an accursed
    52 | D        | Noticed a destroyer
    53 | D        | Noticed a large bag of meat
    54 | D        | Noticed a destroyer
    54 | D        | Killed a destroyer
    55 | D        | Killed a destroyer
    57 | D        | Killed a destroyer
    58 | D        | Noticed a destroyer
    58 | D        | Noticed a large bag of meat
    59 | D        | Noticed a tyrant
    60 | D        | Noticed a tyrant
    63 | D        | Killed a large bag of meat
    66 | D        | Killed a tyrant
    67 | D        | Killed an accursed
    67 | D        | Killed a destroyer
    68 | D        | Killed a destroyer
    69 | D        | Noticed a destroyer
    70 | D        | Noticed a meat beast
    70 | D        | Killed a large bag of meat
    73 | D        | Noticed a tyrant
    73 | D        | Noticed a dread
    73 | D        | Noticed a dread
    73 | D        | Killed a tyrant
    77 | D        | Killed a meat beast
    78 | D        | Killed a destroyer
    79 | D        | Noticed a meat beast
    81 | D        | Upgraded the game from 0.20-a0-1065-g8446734 to 0.20-a0-1078-g4874019
    81 | D        | Killed a tyrant
    83 | D        | Noticed a large bag of meat
    84 | D        | Noticed a large bag of meat
    85 | D        | Killed a meat beast
    86 | D        | Killed a dread
    89 | D        | Killed a dread
    90 | D        | Noticed a dread
    90 | D        | Noticed a tyrant
    92 | D        | Noticed a destroyer
    93 | D        | Noticed a large bag of meat
    93 | D        | Killed a large bag of meat
    94 | D        | Noticed an accursed
    94 | D        | Noticed a tyrant
    96 | D        | Noticed a tyrant
    96 | D        | Killed a large bag of meat
    97 | D        | Noticed a tyrant
    99 | D        | Killed a tyrant
    99 | D        | Killed a dread
   100 | D        | Noticed a destroyer
   100 | D        | Noticed a destroyer
   100 | D        | Noticed an accursed
   101 | D        | Noticed a destroyer
   101 | D        | Killed an accursed
   101 | D        | Killed a destroyer
   101 | D        | Killed a large bag of meat
   102 | D        | Noticed an accursed
   104 | D        | Killed a tyrant
   105 | D        | Killed a destroyer
   107 | D        | Noticed an accursed
   107 | D        | Killed an accursed
   107 | D        | Killed a destroyer
   109 | D        | Noticed a dread
   109 | D        | Killed a tyrant
   109 | D        | Killed a tyrant
   110 | D        | Noticed an accursed
   110 | D        | Noticed The Defiler
   110 | D        | Noticed a large bag of meat
   111 | D        | Noticed a destroyer
   112 | D        | Killed an accursed
   113 | D        | Noticed a dread
   113 | D        | Mangled by a destroyer

Vault maps used:
D:        meatsprint

Skill      XL: |  1  2  3  4  5  6  7  8  9 10 11 12 13 14 15 16 17 18 19 20 21 22 |
---------------+-------------------------------------------------------------------+-----
Fighting       | 10 12 13 14 15 17 24 27 | 27.0
Axes           | 16 19 20 21 23 26 27 | 27.0
Throwing       | 9 10 11 12 13 14 20 26 27 | 27.0
Dodging        | 16 18 20 21 23 25 27 | 27.0
Armour         | 10 16 19 24 27 | 27.0
Stealth        | 11 17 21 26 27 | 27.0
Unarmed Combat | 10 16 19 24 27 | 27.0
Spellcasting   | 10 16 19 24 27 | 27.0
Invocations    | 14 21 26 27 | 27.0
Evocations     | |  0.2

Action                   |  1- 3 |  4- 6 |  7- 9 | 10-12 | 13-15 | 16-18 | 19-21 | 22-24 | 25-27 || total
-------------------------+-------+-------+-------+-------+-------+-------+-------+-------+-------++-------
Melee: Executioner's axe |     1 |       |       |     2 |     4 |     3 |     5 |     3 |    52 ||    70
Invok: Major Destruction |       |       |       |       |       |       |       |       |     2 ||     2
       Greater Servant o |       |       |       |       |       |       |       |       |     1 ||     1
Armor: Leather armour    |       |       |       |       |       |       |       |       |     1 ||     1
Dodge: Dodged            |       |       |       |       |       |     3 |       |     3 |    15 ||    21
